 Dungeon Crawl Stone Soup version 0.30-a0-373-gd37427bb62 (webtiles) character file.

Game seed: 9281530095104864946

237 funkygono the Firebug (level 5, -1/35 HPs)
             Began as a Demonspawn Fire Elementalist on Nov 24, 2022.
             Slain by a gnoll
             ... wielding a +0 spear
              (7 damage)
             ... on level 3 of the Dungeon.
             The game lasted 00:04:55 (3114 turns).

funkygono the Firebug (DsFE)                        Turns: 3114, Time: 00:04:56

Health: -1/35      AC:  2    Str:  8    XL:     5   Next: 77%
Magic:  0/10       EV: 12    Int: 19    God:
Gold:   158        SH:  0    Dex: 13    Spells: 5/11 levels left

rFire   . . .      SeeInvis .    h - +0 whip
rCold   . . .      Faith    .    (no shield)
rNeg    . . .      Spirit   .    a - +0 robe
rPois   .          Reflect  .    (helmet restricted)
rElec   .          Harm     .    (no cloak)
rCorr   .          Rampage  .    (no gloves)
Will    .....                    (no boots)
Stlth   ++........               (no amulet)
HPRegen 0.25/turn                (no ring)
MPRegen 0.12/turn                (no ring)

@: no status effects
A: claws 2, horns 1
a: no special abilities


You were on level 3 of the Dungeon.
You visited 1 branch of the dungeon, and saw 3 of its levels.

You collected 158 gold pieces.

Inventory:

Hand Weapons
 h - a +0 whip (weapon)
 n - a +2 quarterstaff of draining
Armour
 a - a +0 robe (worn)
Jewellery
 k - a +4 ring of protection
 m - a ring of wizardry
Scrolls
 c - 2 scrolls of identify {unknown}
 d - a scroll of brand weapon {unknown}
 e - a scroll of fear {unknown}
 f - a scroll of fog {unknown}
 g - a scroll of noise {unknown}
 j - 2 scrolls of acquirement {unknown}
 l - a scroll of magic mapping {unknown}
 o - a scroll of vulnerability {unknown}
 p - a scroll of poison {unknown}
 q - 3 scrolls of silence {unknown}
Potions
 b - a potion of magic
 i - a potion of ambrosia {unknown}
 r - a potion of lignification {unknown}


   Skills:
 + Level 2.3 Dodging
 - Level 1.7 Stealth
 + Level 3.5 Spellcasting
 + Level 2.6 Conjurations
 + Level 4.2 Fire Magic


You had 5 spell levels left.
You knew the following spells:

 Your Spells              Type           Power      Damage    Failure   Level
a - Foxfire               Conj/Fire      64%        2x1d7     3%          1
b - Scorch                Fire           38%        2d7       3%          2
c - Kindle Blastsparks    Fire/Tloc/Air  16%        2d11      24%         3

Your spell library contained the following spells:

 Spells                   Type           Power      Damage    Failure   Level
 Inner Flame              Hex/Fire       11%        N/A       19%         3
 Flame Wave               Conj/Fire      16%        2d7       34%         4
 Ozocubu's Armour         Ice            3%         N/A       41%         3
 Ozocubu's Refrigeration  Ice            1%         4d7       100%        7


Dungeon Overview and Level Annotations

Branches:
Dungeon (3/15)

Altars:
Sif Muna
Wu Jian

Shops:
D:1 *   D:3 :


Innate Abilities, Weirdness & Mutations

You have very sharp fingernails.
You have a pair of small horns on your head.


Message History

You kill the kobold!
The foxfire hits the gnoll.
The gnoll is lightly wounded.
The foxfire hits the gnoll.
The gnoll is heavily wounded.
The gnoll misses you.
Your magical contamination has completely faded away.
Casting: Scorch (safe; 3% risk of failure)
Confirm with . or Enter, or press ? or * to list all spells.
You don't have enough magic to cast this spell.
Casting: Scorch (safe; 3% risk of failure)
Confirm with . or Enter, or press ? or * to list all spells.
You don't know that spell.
Casting: Scorch (safe; 3% risk of failure)
Confirm with . or Enter, or press ? or * to list all spells.
You conjure some foxfire!
The gnoll closely misses you.
The foxfire hits the gnoll.
The gnoll is severely wounded.
The foxfire hits the gnoll.
The gnoll is almost dead.
There is an open door here.
Casting: Foxfire (safe; 3% risk of failure)
Confirm with . or Enter, or press ? or * to list all spells.
You miscast Foxfire.
You are very lightly contaminated with residual magic.
Nothing appears to happen.
The gnoll hits you from afar with a +0 spear!
* * * LOW HITPOINT WARNING * * *
The gnoll misses you.
There is a large open door here.
Things that are here:
a +0 club; a gnoll skeleton Your magical contamination has completely faded away.
Things that are here:
a +0 club; a kobold skeleton
Casting: Foxfire (safe; 3% risk of failure)
Confirm with . or Enter, or press ? or * to list all spells.
You conjure some foxfire!
The gnoll hits you from afar with a +0 spear!
You die...

....#......#..........####
######....#########......) #....#
+....).† #....# #.......
##############''#################
≈≈≈≈≈≈≈≈≈≈≈~~....~~≈≈≈≈≈≈≈≈≈≈≈≈≈≈
≈≈≈≈≈≈~≈≈≈≈~~..)g.≈≈≈≈≈≈≈≈≈≈~≈≈≈≈
~~~≈~≈≈~~~~~...).v~~~~~~~~~~~~≈~≈
~~.~~~~~~~~~~...@~~..~~~.~~.~~.~~
............(...v................
.................................
#.######(##..#.##(#..............
.........###...##)###........[...
.........# ###....###............
.........####......##..........#.
............+......##>...........
.........####....#.##..........#.


You could see a gnoll (ally target).

Vanquished Creatures
  A centaur (D:3)
  6 gnolls (D:3)
  An adder (D:3)
  A worm (D:2)
  A dart slug (D:2)
  2 orcs (D:3)
  10 ball pythons
  3 bats
  6 endoplasms
  5 giant cockroaches
  5 goblins
  5 hobgoblins
  4 jackals (D:3)
  A quokka (D:1)
  3 frilled lizards (D:1)
  19 kobolds
  4 rats
77 creatures vanquished.

Vanquished Creatures (others)
  208 foxfires
208 creatures vanquished.

Grand Total: 285 creatures vanquished

Notes
Turn   | Place    | Note
-------+----------+-------------------------------------------
     0 | D:1      | funkygono the Demonspawn Fire Elementalist began the quest
                  | for the Orb.
     0 | D:1      | Reached XP level 1. HP: 13/13 MP: 3/3
   322 | D:1      | Found Heregocu's Assorted Antiques.
   344 | D:1      | Reached skill level 3 in Fire Magic
   388 | D:1      | Discovered your monstrous ancestry.
   388 | D:1      | Gained mutation: You have sharp fingernails. [demonic
                  | ancestry]
   388 | D:1      | Reached XP level 2. HP: 19/19 MP: 0/5
   623 | D:1      | Learned a level 2 spell: Scorch
   895 | D:1      | Gained mutation: You have a pair of small horns on your
                  | head. [demonic ancestry]
   895 | D:1      | Reached XP level 3. HP: 24/24 MP: 1/6
   899 | D:1      | Learned a level 3 spell: Kindle Blastsparks
  1283 | D:2      | Found a shimmering blue altar of Sif Muna.
  1982 | D:3      | Found Hoollint's Book Shoppe.
  2005 | D:3      | Noticed a centaur
  2019 | D:3      | Killed a centaur
  2020 | D:3      | Reached skill level 4 in Fire Magic
  2020 | D:3      | Reached XP level 4. HP: 30/30 MP: 1/8
  2152 | D:3      | Gained mutation: You have very sharp fingernails. [demonic
                  | ancestry]
  2152 | D:3      | Reached XP level 5. HP: 35/35 MP: 4/9
  2586 | D:3      | Found an ornate altar of the Wu Jian Council.
  2693 | D:3      | Noticed a spectral centipede
  2693 | D:3      | Noticed a spectral black mamba
  2693 | D:3      | Noticed a spectral cane toad
  3114 | D:3      | Slain by a gnoll

Illustrated notes

Levels and vault maps discovered:
D:1:      dpeg_arrival_yet_another_circle, layout_basic, serial_shops, shop,
          st_stairs_10
D:2:      layout_basic, basic_altar
D:3:      minmay_goblin_kobold_castle, layout_basic,
          pdpol_wu_jian_five_deadly_venoms, serial_shops, shop_statue

Skill      XL: |  1  2  3 |
---------------+----------+-----
Fire Magic     | 3 4 |  4.2
Dodging        | 2 |  2.3
Spellcasting   | 3 |  3.5
Conjurations   | 2 |  2.6
Stealth        | |  1.7

Action                   |  1- 3 |  4- 6 || total
-------------------------+-------+-------++-------
Melee: Unarmed           |     6 |       ||     6
       Whip              |     1 |     5 ||     6
 Cast: Foxfire           |    65 |    58 ||   123
       Scorch            |     8 |     3 ||    11
Armor: Robe              |     2 |     5 ||     7
Dodge: Dodged            |    35 |    24 ||    59

Table legend: (Time is in decaauts)
 A = Elapsed time spent in this place.
 B = Non-inter-level travel time spent in this place.
 C = Inter-level travel time spent in this place.
 D = Time resting spent in this place.
 E = Time spent auto-exploring this place.
 F = Levels seen in this place.
 G = Mean time per level.
                   A        B        C        D        E       F      G
               +--------+--------+--------+--------+--------+-----+--------+
         Total |   3113 |   3027 |     86 |    242 |   2254 |   3 | 1037.7 |
       Dungeon |   3113 |   3027 |     86 |    242 |   2254 |   3 | 1037.7 |
               +--------+--------+--------+--------+--------+-----+--------+

Top non-repeatable levels by time:
     D:1: 1252 daAuts
     D:3: 1164 daAuts
     D:2: 696 daAuts
